AoeStats
← BulucChabtan4

Arabia

509744300Analyzed
1v1 RM · 5d ago on Sep 27, 2026· 77m 28s· 2 players
Game mode
Random Map
Map size
Tiny (2 player)
Population
200
Speed
Normal
Resources
Standard
Victory
Conquest
Starting age
Dark Age
Ending age
Imperial Age
RankedLock teamsTeams togetherTeam positionsShared explorationLock speedFull tech treeHidden civsTurbo modeCheats
Victory
Defeat
🇩🇪 Vietnamese · Germany
1315
+18
🇲🇽 Aztecs · Mexico
1351
-18
Iam_Howard
5:58 Loom
9:18 Feudal Age
10:30 Double-Bit Axe
10:35 Horse Collar
12:08 Gold Mining
14:04 Fletching
15:09 Padded Archer Armor
17:36 Wheelbarrow
24:32 Castle Age
25:40 Bow Saw
24:53 Crossbowman
25:32 Bodkin Arrow
26:03 Leather Archer Armor
30:39 Hand Cart
30:14 Town Watch
33:16 Thumb Ring
34:51 Ballistics
40:32 Imperial Age
39:59 Bloodlines
39:10 Light Cavalry
39:50 Husbandry
39:25 Elite Skirmisher
41:17 Forging
41:13 Scale Barding Armor
42:30 Chemistry
41:42 Masonry
41:10 Imperial Skirmisher
42:43 Bracer
43:14 Ring Archer Armor
46:07 Chain Barding Armor
46:15 Heavy Plow
45:55 Arbalester
47:45 Elite Rattan Archer
52:06 Plate Barding Armor
54:54 Stone Mining
58:17 Iron Casting
58:35 Hoardings
BulucChabtan4
8:04 Loom
11:10 Feudal Age
11:16 Man-at-Arms
13:09 Double-Bit Axe
15:40 Horse Collar
21:18 Castle Age
19:48 Fletching
19:58 Padded Archer Armor
21:44 Elite Skirmisher
22:33 Bodkin Arrow
24:37 Town Watch
27:36 Leather Archer Armor
30:42 Bow Saw
31:50 Wheelbarrow
32:33 Town Patrol
33:02 Guard Tower
37:16 Imperial Age
36:31 Ballistics
36:59 Forging
36:49 Scale Mail Armor
38:09 Hand Cart
37:53 Eagle Warrior
39:17 Conscription
39:44 Iron Casting
39:24 Chain Mail Armor
40:07 Squires
41:19 Chain Mail Armor
42:04 Blast Furnace
44:27 Blast Furnace
43:57 Plate Mail Armor
44:13 Pikeman
45:02 Atlatl
45:24 Heavy Plow
45:25 Arson
45:32 Gambesons
47:31 Crop Rotation
47:10 Bracer
47:40 Plate Mail Armor
47:28 Elite Eagle Warrior
Connection lost

Rejoining the realm…

Still unreachable

The connection could not be restored.

Session expired

The server has moved on; the page needs a fresh start.